Workbook

Sheet Guidance
B1: #VALUE!
B2: Pilates Based Matwork Instructor Mapping Template
B3: Edition: V1.2
B4: Publication date: 6th January 2025
B6: Mapping Guidance - you are here!
B7: Mapping template to reference and evidence where the professional standard is being met by the course/ participant/ qualification
B8: N.B. Examples (e.g.) are given within the LDRs to provide an overview of the knowledge and skills most relevant to the role. It is not mandatory to assess learners against 100% of the examples provided, however, sufficient coverage to ensure occupational competence on achievement must be ensured. This will be reviewed as part of the CIMSPA endorsement process.
B9: For non-regulated qualifications (CPD), where an Education Partner does not meet the full CIMSPA professional standard, it is important to note, that the Education Partner must meet a full Knowledge or Skill LDR. For example, all three sections within K1.1 would need to evidenced for that LDR to partially map to the professional standard.
B10: For further information around product development guidance, please refer to the professional standard within the professional standard library; https://www.cimspa.co.uk/education-training/professional-standards/professional-standards-library/
B11: Alternatively, please view our CIMPSA Partner Endorsement Guide;https://cimspa.co.uk/education-training/endorsement/
B13: Revision History
B14: Version | C14: Name & Role | D14: Signature & Date | E14: Reason for Change
A15: c | B15: V1.2 | C15: Aidan Riley Education Officer | D15: AR 02/01/25 | E15: Update to general formatting & implementation of conditional formating to streamline moderator feedback.
B19: E endorsements@cimspa.co.uk T 03438 360200 W www.cimspa.co.uk
B20: Chartered Institute for the Management of Sport and Physical Activity,
B21: SportPark Loughborough University, 3 Oakwood Drive, Loughborough, Leicestershire LE11 3QF
B22: Incorporated by Royal Charter Charity Registration No. 1144545

Sheet Mapping Template
E1: Education Product Title: INSERT HERE
A2: Professional Standard: Pilates Based Matwork Instructor | E2: Partner Mapping Section | J2: Moderator Feedback Section | Q2: IV Feedback Section
E3: Evidence (sign post to SOW / course specification / supporting documents) | F3: Assessment Method | G3: Further Comments (expand on evidence within column E) | H3: Response to Moderator Feedback Section (second review evidence - if applicable) | J3: Score | K3: Mapping to point | L3: % mapped to section | M3: Moderator comments | N3: General Feedback (first review) | O3: General Feedback (second review - if applicable) | Q3: IV Comments
A4: Ref | C4: Knowledge and understanding (K&U): | D4: A Pilates Matwork Instructor must:
A5: 1. Origins and fundamentals of Pilates | B5: K1.1 | C5: History | D5: Know the history of Pilates and how it has developed into the modern day. | K5: {=IF((AND(J5:J8=1)), "Fully Mapped", "Not/ Partially Mapped")} -> Not/ Partially Mapped | L5: =SUM('Workings out'!D4:D8) -> 0
D6: Know the key people involved historically in developing the Pilates method, including key dates and milestones.
D7: Know the main apparatus used traditionally and at Pilates studios today.
D8: Understand how some of the apparatus-based exercise works with/supports or improves the matwork system.
B9: K1.2 | C9: Key fundamentals & principles | D9: Know the 6 principles of Pilates to include: – Centering – Concentration – Control – Precision – Flow – Breath | K9: {=IF((AND(J9:J10=1)), "Fully Mapped", "Not/ Partially Mapped")} -> Not/ Partially Mapped
D10: Know how to apply the 3 fundamentals to each exercise or movement pattern: – Centering – Control – Breath
B11: K1.3 | C11: Original 34 exercises | D11: Know the original 34 Pilates exercises, their purpose, benefits, and contraindications. | K11: {=IF((AND(J11:J11=1)), "Fully Mapped", "Not/ Partially Mapped")} -> Not/ Partially Mapped
B12: K1.4 | C12: Pre Pilates | D12: Know how, why, and when to apply basic, preparatory exercises that build awareness of the body and prepare for more challenging Pilates matwork exercises. | K12: {=IF((AND(J12:J12=1)), "Fully Mapped", "Not/ Partially Mapped")} -> Not/ Partially Mapped
B13: K1.5 | C13: Phases of a Pilates matwork session | D13: Know how and why to prepare clients at the start of the session | K13: {=IF((AND(J13:J15=1)), "Fully Mapped", "Not/ Partially Mapped")} -> Not/ Partially Mapped
D14: Know how to structure the main phase of the class including: – How to break down the original Pilates exercises – How to layer the exercises for a mixed ability group – How to sequence the class considering flow and transition from one exercise to another including where to demonstrate from.
D15: Know appropriate, relevant movement patterns and flexibility work to close the class.
B16: Ref | C16: Skills: | D16: A Pilates Matwork Instructor must be able to:
B17: S1.1 | C17: Embody the Pilates method | D17: Show good body awareness, the Pilates principles and understanding of the Pilates method through own physical demonstration. | K17: {=IF((AND(J17:J17=1)), "Fully Mapped", "Not/ Partially Mapped")} -> Not/ Partially Mapped | L17: =SUM('Workings out'!C4) -> 0
A18: 2. Communication | B18: Ref | C18: K&U | D18: A Pilates Matwork Instructor must:
B19: K2.1 | C19: Professionally interact | D19: Understand how to professionally interact with clients and relevant professionals: e.g., GPs. | K19: {=IF((AND(J19:J20=1)), "Fully Mapped", "Not/ Partially Mapped")} -> Not/ Partially Mapped | L19: =SUM('Workings out'!D4:D14) -> 0
D20: Know how to: - Build rapport - Connect with people to create a positive experience - Adapt communication style to suit client needs - Present accurate information (e.g., sensitivity, discretion, non-judgmental manner, respect the individuality of the client, language and terms understood by client/simplify technical information, etc).
B21: K2.2 | C21: Communication techniques | D21: Understand different communication techniques and how to use them: – Observation/non-verbal techniques/body language – Negotiation – open/closed questioning – motivational interviewing techniques: e.g., developing “importance,” “confidence” and “readiness” – dealing with resistance to change – using open-ended questioning – reflective statements – paraphrasing – summarising – decisional balance sheet – active listening | K21: {=IF((AND(J21:J22=1)), "Fully Mapped", "Not/ Partially Mapped")} -> Not/ Partially Mapped
D22: Know the most appropriate communication methods when delivering classes or 1-1s, for example demonstration, verbal cueing, hands on assistance/tactile coaching, visualisation e.g., imagery.
B23: Ref | C23: Skills: | D23: A Pilates Matwork Instructor must be able to:
B24: S2.1 | C24: Professionally interact | D24: Use a range of communication techniques to: - Introduce oneself. - Build rapport. - Create a positive customer experience. - Suit the client needs e.g., their stage of change. - Present clear and accurate information. | K24: {=IF((AND(J24:J24=1)), "Fully Mapped", "Not/ Partially Mapped")} -> Not/ Partially Mapped | L24: =SUM('Workings out'!E4:E5) -> 0
B25: S2.2 | C25: Communication techniques | D25: Use the most appropriate communication methods when delivering classes or 1-1s to support client’s understanding of the exercise purpose and how to perform it, for example: – Demonstration – Verbal cueing – Hands on assistance/tactile coaching – Visualisation (where appropriate) e.g., imagery | K25: {=IF((AND(J25:J25=1)), "Fully Mapped", "Not/ Partially Mapped")} -> Not/ Partially Mapped
A26: 3. Anatomy and Physiology | B26: Ref | C26: K&U | D26: A Pilates Matwork Instructor must:
B27: K3.1 | C27: Bones | D27: Understand the classification and structure of bones: – Long, short, flat, sesamoid, irregular. – Compact and spongy/cancellous tissue, articular cartilage, epiphysis, diaphysis, periosteum, epiphyseal plates, bone marrow, the vertebral column (cervical, thoracic, lumbar, sacral, and coccygeal), stages of bone growth, remodeling process, ageing process, osteoblasts, and osteoclasts. | K27: {=IF((AND(J27:J29=1)), "Fully Mapped", "Not/ Partially Mapped")} -> Not/ Partially Mapped | L27: =SUM('Workings out'!F4:F24) -> 0
D28: Understand the function of bones: – Muscle attachments and levers – Protection of internal organs – Red and white blood cell production – Stages of bone growth - remodeling process, ageing process. – The role of osteoblasts, osteoclasts, hormonal contribution, body weight, calcium, and vitamin D in bone density.
D29: Understand the effects of exercise on bones: – Weight bearing and non-weight-bearing exercise. – Acute and chronic effects. – Stabilisation of the body. – Neutral spine alignment. – Potential ranges of movement of the spine. – Transmission of stress caused by impact, body weight, bone density.
B30: K3.2 | C30: Joints | D30: Understand the classification and structure of joints: – Fibrous, cartilaginous, synovial. – Joint capsule, synovial membrane, synovial fluid, ligaments, tendons, and cartilage (hyaline and fibrocartilage), curves/regions of the spine. | K30: {=IF((AND(J30:J32=1)), "Fully Mapped", "Not/ Partially Mapped")} -> Not/ Partially Mapped
D31: Understand the function of joints: – Joint movement terminology: flexion and extension, adduction and abduction, circumduction, supination and pronation, plantar flexion and dorsiflexion, lateral flexion and extension, horizontal flexion and extension, elevation and depression, inversion and eversion, tensile strength of ligaments. – Planes of motion: transverse, frontal and sagittal. – Joint stability, passive and active structures, shock absorption: e.g., natural curves of the spine.
D32: Understand the effects of exercise on joints: – Effect of muscle contractions and movements: e.g., posture, impact, body weight. – Active stability of joints: key joints at risk (spine, shoulder joint). – Risks: lack of biomechanical efficiency, reduction in transmission of stress, increased risk of injury, increased loading placed on synergists.
B33: K3.3 | C33: Muscles | D33: Understand the classification and structure of muscles: – Cardiac, smooth, skeletal. – Connective tissue (epimysium, perimysium, endomysium). – Muscle fibres - slow twitch type I (slow oxidative), fast twitch (type 2a: fast oxidative glycolytic and type 2b: fast glycolytic). – Muscles and muscle attachment sites (origins and insertions), to cover: o Rotator cuff: SITS (S: supraspinatus I: infraspinatus T: teres minor S: subscapularis). o Shoulder girdle: levator scapulae, pectoralis minor, serratus anterior, trapezius, rhomboids major/minor, teres major. o Spinal extensors: erector spinae, iliocostalis, longissimus, spinalis, multifidus, quadratus lumborum. o Hip flexors (iliopsoas): iliacus, psoas major. o Adductors: magnus, brevis, longus, pectineus, gracilis, sartorius. o Abductors: gluteus medius, gluteus minimus, piriformis, tensor fascia latae. o Abdominals: internal and external obliques, transversus abdominus. o Intercostals: diaphragm. o ‘Core’ and pelvic floor muscles. o Local/deep, global/superficial muscles. | K33: {=IF((AND(J33:J35=1)), "Fully Mapped", "Not/ Partially Mapped")} -> Not/ Partially Mapped
D34: Understand the function of muscles: – Muscle actions: to cover muscles listed above. – Roles of major muscles: prime mover (agonist), antagonist, synergist, fixators. – Muscle contractions: concentric and eccentric (isotonic), isometric and isokinetic. – The principles of muscle contraction: e.g., all or none law, sliding filament theory, stretch reflex and reverse stretch reflex, size principle of motor unit recruitment. – Biomechanics: 1st, 2nd, and 3rd class levers. – ‘Core’ and pelvic floor. – Local/deep; global/superficial.
D35: Understand the effects of exercise on muscles: – Short and long-term effects, delayed onset of muscles soreness (DOMS), muscle fatigue. – Response to overuse, underuse, misuse: e.g., shortening/weakening, altered roles/synergists becoming prime movers etc.
B36: K3.4 | C36: Biological systems | D36: Understand the classification and structure of biological systems: – Muscular and skeletal. – Cardiovascular: heart (e.g., atria and ventricles), arteries, arterioles, veins, venules, and capillaries. – Respiratory; lungs, pharynx, larynx, trachea, bronchi, bronchioles, alveoli. – Nervous: central nervous system and peripheral nervous system, neurons, motor units, proprioceptors (muscle spindles and Golgi tendon organs). – Endocrine: hormones and glands. | K36: {=IF((AND(J36:J38=1)), "Fully Mapped", "Not/ Partially Mapped")} -> Not/ Partially Mapped
D37: Understand the function of biological systems: – Cardiovascular: cardiac cycle, stroke volume, cardiac output, blood pressure (systolic and diastolic). – Respiratory: mechanism of breathing, gaseous exchange. – Nervous: sensory input, interpretation, motor output. – Endocrine: secretion of hormones.
D38: Understand the effects of exercise on biological systems: – Cardiorespiratory: short and long-term effects on blood pressure, aerobic respiration, venous return, the implications of blood pooling. – Nervous: motor unit recruitment, inter and intramuscular coordination, neuromuscular coordination. – Endocrine: hormonal responses. – Signs and symptoms of overtraining.
B39: K3.5 | C39: Energy Systems | D39: Understand the classification of energy systems: – Aerobic, anaerobic (lactate and creatine phosphate). | K39: {=IF((AND(J39:J41=1)), "Fully Mapped", "Not/ Partially Mapped")} -> Not/ Partially Mapped
D40: Understand the function of energy systems: – How the energy systems function independently and how they interact with one another.
D41: Understand the effects of exercise on energy systems: – ATP re-synthesis, aerobic and anaerobic threshold, and effects of different training methods/systems.
B42: K3.6 | C42: Anatomical planes of movement | D42: Understand the classification of anatomical planes of movement: – Frontal (coronal), sagittal and transverse. | K42: {=IF((AND(J42:J42=1)), "Fully Mapped", "Not/ Partially Mapped")} -> Not/ Partially Mapped
B43: K3.7 | C43: Anatomical terms of location | D43: Understand the classification of anatomical terms of location: – Superior and inferior, Anterior, and posterior, Medial and lateral, Proximal, and distal, Superficial, and deep. | K43: {=IF((AND(J43:J43=1)), "Fully Mapped", "Not/ Partially Mapped")} -> Not/ Partially Mapped
B44: K3.8 | C44: Applied biomechanics and kinesiology | D44: Understand the effect of exercise variables on biomechanics and kinesiology: | K44: {=IF((AND(J44:J45=1)), "Fully Mapped", "Not/ Partially Mapped")} -> Not/ Partially Mapped
D45: Levers, gravity/centre of gravity, momentum, force, planes of motion, length-tension relationships, open and closed chain kinetic movements with examples of each and a consideration of their advantages and disadvantages.
B46: K3.9 | C46: Posture | D46: Understand the effect of exercise on posture: – Core stabilisation exercises, impact on posture, potential for injury/aggravation of problems. | K46: {=IF((AND(J46:J47=1)), "Fully Mapped", "Not/ Partially Mapped")} -> Not/ Partially Mapped
D47: Understand abnormal degrees of curvature of the spine and their implications.
B48: Ref | C48: Skills: | D48: A Pilates Matwork Instructor must be able to:
B49: S3.1 | C49: Supporting achievement of clients’ physiological goals | D49: Apply appropriate methods and techniques to facilitate clients’ desired physiological goals. | K49: {=IF((AND(J49:J49=1)), "Fully Mapped", "Not/ Partially Mapped")} -> Not/ Partially Mapped | L49: =SUM('Workings out'!G4) -> 0
A50: 4. Lifestyle management and client motivation | B50: Ref | C50: K&U | D50: A Pilates Matwork Instructor must:
B51: K4.1 | C51: Lifestyle and health promotion | D51: Understand components of a healthy lifestyle and factors that affect health and wellbeing and how Pilates can support this. | K51: {=IF((AND(J51:J59=1)), "Fully Mapped", "Not/ Partially Mapped")} -> Not/ Partially Mapped | L51: =SUM('Workings out'!H4:H21) -> 0
D52: Understand the UK physical activity guidelines for different ages and the dose-response relationship.
D53: Know the nationally recognised healthy eating recommendations.
D54: Know how to seek evidence-based/reputable health and wellbeing advice.
D55: Understand the benefits of physical activity/exercise to health and wellbeing.
D56: Know how to tailor advice on the components of a healthy lifestyle according to the individual client.
D57: Know how to communicate the health-related benefits of exercise to clients.
D58: Know how technological advancements can be used to support the participants experience to increase physical activity levels, motivation, engagement, and focus (e.g., wearable technology, pedometers, mobile phone applications).
D59: Know how technology and the use of apps can support an individual’s engagement with continued, sustained and monitored sport and physical activity.
B60: K4.2 | C60: Prevention and management of common long term health conditions | D60: Understand the prevalence and health implications of the UK population. | K60: {=IF((AND(J60:J62=1)), "Fully Mapped", "Not/ Partially Mapped")} -> Not/ Partially Mapped
D61: Know professional role and scope of practice in relation to other relevant specialists when offering health and wellbeing advice and guidance.
D62: Know the range of relevant exercise or health professionals that clients can be signposted/referred onto when their needs are beyond own scope of practice/area of qualification.
B63: K4.3 | C63: Well-being | D63: Know the importance and impact of having a positive attitude towards health and well-being and metal health. | K63: {=IF((AND(J63:J65=1)), "Fully Mapped", "Not/ Partially Mapped")} -> Not/ Partially Mapped
D64: Know the role of sport and physical activity and Pilates on mental health.
D65: Know how Pilates can contribute to the improvement of daily living.
B66: K4.4 | C66: Behaviour change and promoting positive engagement | D66: Understand the stages of change/trans-theoretical model of behaviour change to promote quality change. | K66: {=IF((AND(J66:J68=1)), "Fully Mapped", "Not/ Partially Mapped")} -> Not/ Partially Mapped
D67: Understand the role of intrinsic and extrinsic motivation in exercise and physical activity goal achievement, to promote positive engagement.
D68: Know a range of techniques/approaches that can motivate positive lifestyle change that can enhance quality of live.
B69: Ref | C69: Skills: | D69: A Pilates Matwork Instructor must be able to:
B70: S4.1 | C70: Motivation | D70: Create a positive, motivating, and empowering environment that supports clients to participate in and adhere to exercise. | K70: {=IF((AND(J70:J71=1)), "Fully Mapped", "Not/ Partially Mapped")} -> Not/ Partially Mapped | L70: =SUM('Workings out'!I4:I10) -> 0
D71: Support the client to recognise and develop their intrinsic and extrinsic motivation to exercise.
B72: S4.2 | C72: Goal Setting | D72: Set relative goals linked to individual needs, wants and motivators. | K72: {=IF((AND(J72:J74=1)), "Fully Mapped", "Not/ Partially Mapped")} -> Not/ Partially Mapped
D73: Monitor targets, review and evaluate progress adapt accordingly.
D74: Provide structure which facilitates forming healthier habits, taking responsibility and adherence over short-, medium- and long-term timeframes which are mutually discussed.
B75: S4.3 | C75: Health promotion | D75: Offer credible advice and guidance appropriate to own level of expertise to promote positive healthy lifestyle choices. | K75: {=IF((AND(J75:J76=1)), "Fully Mapped", "Not/ Partially Mapped")} -> Not/ Partially Mapped
D76: Be an ambassador for the sector leading by example and displaying positive health behaviours.
A77: 5. Plan and review Pilates Based Matwork | B77: Ref | C77: K&U | D77: A Pilates Matwork Instructor must:
B78: K5.1 | C78: Plan Pilates based matwork exercise sessions/programmes | D78: Understand how to plan and tailor safe and effective Pilates based matwork sessions/programmes (E.g. group classes and 1-1's) for a range of clients within scope of practice: – National recommended guidelines for physical activity and health for different ages: e.g., guidelines from the UK chief medical officer (CMO). – Credible information sources and research methods. – Importance of evidence-based practice. – Components of fitness (health and skill related). – Differences between programming exercise for physical fitness and for health benefits. – How to structure sessions to include preparation phase, pre-Pilates (when appropriate), main phase and closing phase. – Effect of speed of movement on posture, alignment, and intensity. – Recognised national/international guidelines for developing the different components of fitness. – Different learning styles, goals, needs, likes/dislikes, etc. and how these should be reflected in planning. – Use of small props for modification purposes - Range of available equipment, for example, blocks, small balls, and bands. – How to select, use and modify the most appropriate exercise to meet the needs/goals of the individual. – Provision of alternative activities/exercises/participation options. – Provision of adaptations, progressions and regressions for each exercise included in the session/programme i.e., from looking at the whole Pilates system, know which exercises to omit or include to support the client’s progress – Importance of sequencing, flow, and transition between exercises. – How to set relative goals linked to individual needs, wants and motivators – Pilates based matwork derived from the original 34 exercises and modified as appropriate – Pre Pilates exercises to support clients to prepare for more challenging exercises – Importance of muscle balance when planning sessions/programmes. – How to programme exercise to develop mobility, stability, strength and flexibility exercises or movement patterns to accommodate activities of daily living. – How to minimise any risks relevant to the sessions/programme. – Realistic timings and sequences for sessions/programme. – Different client types/demographics and motivations and how this can impact on planning the Pilates based matwork session content and delivery approaches. – Health screening and risk stratification methods and the importance of conducting verbal screening prior to the sessions. – How client numbers and the exercise environment impact upon session design, safety, and effectiveness. | K78: =IF((AND(J78=1)), "Fully Mapped", "Not/ Partially Mapped") -> Not/ Partially Mapped | L78: =SUM('Workings out'!J4:J7) -> 0
B79: K5.2 | C79: Monitor and review Pilates based matwork sessions/ programmes | D79: Understand how to monitor and review safe and effective Pilates based matwork sessions/programmes: – Importance of verbal screening and how to conduct it. – Benefits and limitations of different methods of monitoring exercise effectiveness or intensity (observation during session, observation of movement assessment and technique over a period of time, communication during exercise, client feedback during and after and using technology trackers). – Reasons for temporary deferral of exercise. – Methods of evaluating how well Pilates based matwork sessions/programmes are meeting the client needs. | K79: {=IF((AND(J79:J81=1)), "Fully Mapped", "Not/ Partially Mapped")} -> Not/ Partially Mapped
D80: When to proactively engage with clients and when not to.
D81: When to offer hands on assistance/touch correction and when not to.
B82: Ref | C82: Skills: | D82: A Pilates Matwork Instructor must be able to:
B83: S5.1 | C83: Plan exercise programmes | D83: Apply knowledge to the planning of safe and effective Pilates based matwork classes and 1-1s for a range of clients within scope of practice, using appropriate equipment and methods. | K83: {=IF((AND(J83:J85=1)), "Fully Mapped", "Not/ Partially Mapped")} -> Not/ Partially Mapped | L83: =SUM('Workings out'!K4:K15) -> 0
D84: Amend appropriate session/programme content for the environment.
D85: Plan in line with the Pilates principles.
B86: S5.2 | C86: Monitor and review Pilates based matwork programmes | D86: Monitor and review the effectiveness of the Pilates based matwork class/1-1. | K86: {=IF((AND(J86:J94=1)), "Fully Mapped", "Not/ Partially Mapped")} -> Not/ Partially Mapped
D87: Carry out regular programme reviews to ascertain how well the session/programme is meeting client needs/progress towards goals, any improvements that can be made to the programme plan etc.
D88: Signpost clients to other aspects of the facility if they show an interest in other areas/activities e.g., equipment-based Pilates where appropriate.
D89: Evaluate and reflect on planned session/programmes to ensure the physical and psychological needs of the individual are being met.
D90: Demonstrate ability to effectively interact and support different clients (e.g., use of effective communication skills/rapport building/technique advice/correction).
D91: Appraise own performance in relation to the session/programme.
D92: Appraise client’s performance in relation to the session.
D93: Assess the appropriateness of the session/programme content in relation to the user, group, and environment.
D94: Propose changes/adaptations to the session/programme based on the appraisal of own performance, client performance and appropriateness of session content.
A95: 6. Deliver and supervise Pilates Based Matwork | B95: Ref | C95: K&U | D95: A Pilates Matwork Instructor must:
B96: K6.1 | C96: Pilates sequencing | D96: Know how to sequence a class or 1-1 session including breaking down exercises, layering, transitions between exercises. | K96: {=IF((AND(J96:J96=1)), "Fully Mapped", "Not/ Partially Mapped")} -> Not/ Partially Mapped | L96: =SUM('Workings out'!L4:L8) -> 0
B97: K6.2 | C97: Pilates based matwork technique | D97: Know safe and effective technique for a range of Pilates based matwork exercises to cover: – Bodyweight exercise. – Small equipment (e.g., use of mats, for modification purposes - small balls, blocks, and bands). – Flexibility and range of motion exercise (static and dynamic stretching and mobilisation of joints). – Exercises for movement efficiency, corrective exercise for common muscular imbalances. | K97: {=IF((AND(J97:J97=1)), "Fully Mapped", "Not/ Partially Mapped")} -> Not/ Partially Mapped
B98: K6.3 | C98: How to deliver Pilates based matwork sessions | D98: Understand how to safely prepare activity areas for use and how to safely set up and store equipment. | K98: {=IF((AND(J98:J100=1)), "Fully Mapped", "Not/ Partially Mapped")} -> Not/ Partially Mapped
D99: Understand how to deliver planned Pilates based matwork sessions/programme.
D100: Know how to provide safe and effective exercise demonstrations to cover: – Pre-Pilates based matwork exercises. – Pilates based matwork exercise variations. – Pilates fundamentals and principles. – Small equipment (e.g., use of appropriate mats, for modification purposes - small balls, bands, and bricks). – Activities of Daily Life (ADL) Exercises (e.g., exercises that address the movement patterns/muscle actions required for activities of daily living). – Flexibility and range of motion exercise (static and dynamic stretching and mobilisation of joints). – Effective coaching/teaching/instructing methods (e.g., to cater for different learning styles, tailoring instructing styles/communication methods to individual needs). – The purpose of each exercise or movement pattern.
...

Sheet Mapping results
B1: Mapping Breakdown shows a breakdown of the percentage that your course has mapped to each sections knowledge and skills criteria, and the overall percentage that your course has mapped to the professional standard
D2: Sections | E2: Specifications | F2: %worth of each section | G2: Total % covered of area | H2: Section % of total standard | I2: % covered of entire standard
B3: 1. Origins and fundamentals of Pilates | C3: Knowledge | D3: 5 | E3: 11 | F3: 9.1 | G3: =SUM('Mapping Template'!L5:L15) -> 0 | H3: =(E3/E18)*100 -> 10.784314 | I3: =(H3/100)*G3 -> 0
C4: Skills | D4: 1 | E4: 1 | F4: 100 | G4: =SUM('Mapping Template'!L17:L17) -> 0 | H4: {=(E4/_xlfn.ANCHORARRAY(E18))*100} -> 0.98039216 | I4: =(H4/100)*G4 -> 0
B5: 2. Communication | C5: Knowledge | D5: 2 | E5: 4 | F5: 25 | G5: =SUM('Mapping Template'!L19:L22) -> 0 | H5: =(E5/E18)*100 -> 3.9215686 | I5: =(H5/100)*G5 -> 0
C6: Skills | D6: 2 | E6: 2 | F6: 50 | G6: =SUM('Mapping Template'!L24:L24) -> 0 | H6: =(E6/E18)*100 -> 1.9607843 | I6: =(H6/100)*G6 -> 0
B7: 3. Anatomy & Physiology | C7: Knowledge | D7: 9 | E7: 21 | F7: =100/E7 -> 4.7619048 | G7: =SUM('Mapping Template'!L27:L47) -> 0 | H7: =(E7/E18)*100 -> 20.588235 | I7: =(H7/100)*G7 -> 0
C8: Skills | D8: 1 | E8: 1 | F8: 100 | G8: =SUM('Mapping Template'!L49) -> 0 | H8: =(E8/E18)*100 -> 0.98039216 | I8: =(H8/100)*G8 -> 0
B9: 4. Lifestyle management and client motivation | C9: Knowledge | D9: 4 | E9: 17 | F9: 5.9 | G9: =SUM('Mapping Template'!L51:L68) -> 0 | H9: =(E9/E18)*100 -> 16.666667 | I9: =(H9/100)*G9 -> 0
C10: Skills | D10: 3 | E10: 7 | F10: 14.3 | G10: =SUM('Mapping Template'!L70:L76) -> 0 | H10: =(E10/E18)*100 -> 6.8627451 | I10: =(H10/100)*G10 -> 0
B11: 5. Plan and review Pilates based matwork | C11: Knowledge | D11: 2 | E11: 4 | F11: 25 | G11: =SUM('Mapping Template'!L78:L81) -> 0 | H11: =(E11/E18)*100 -> 3.9215686 | I11: =(H11/100)*G11 -> 0
C12: Skills | D12: 2 | E12: 12 | F12: 8.3 | G12: =SUM('Mapping Template'!L83:L94) -> 0 | H12: =(E12/E18)*100 -> 11.764706 | I12: =(H12/100)*G12 -> 0
B13: 6. Deliver and supervise Pilates based matwork | C13: Knowledge | D13: 3 | E13: 5 | F13: 20 | G13: =SUM('Mapping Template'!L96:L100) -> 0 | H13: =(E13/E18)*100 -> 4.9019608 | I13: =(H13/100)*G13 -> 0
C14: Skills | D14: 3 | E14: 7 | F14: 14.3 | G14: =SUM('Mapping Template'!L102:L108) -> 0 | H14: =(E14/E18)*100 -> 6.8627451 | I14: =(H14/100)*G14 -> 0
B15: 7. Business acumen | C15: Knowledge | D15: 2 | E15: 4 | F15: 25 | G15: =SUM('Mapping Template'!L110:L113) -> 0 | H15: =(E15/E18)*100 -> 3.9215686 | I15: =(H15/100)*G15 -> 0
B16: 8. Professional practice | C16: Knowledge | D16: 3 | E16: 3 | F16: 33.333333 | G16: =SUM('Mapping Template'!L115:L117) -> 0 | H16: =(E16/$E$18)*100 -> 2.9411765 | I16: =(H16/100)*G16 -> 0
C17: Skills | D17: 2 | E17: 3 | F17: 33.333333 | G17: =SUM('Mapping Template'!L119:L121) -> 0 | H17: =(E17/$E$18)*100 -> 2.9411765 | I17: =(H17/100)*G17 -> 0
B18: Totals | D18: =SUM(D3:D17) -> 44 | E18: =SUM(E3:E17) -> 102 | H18: =SUM(H3:H17) -> 100 | I18: =SUM(I3:I17) -> 0

Sheet Feedback
A1: Standardised feedback comments | B1: Assessment methods
A2: Comprehensive evidence | B2: Assignment
A3: Sufficient evidence | B3: Case study
A4: Further evidence required | B4: Dissertation
B5: Exam
B6: Written test
B7: Listening test
B8: Oral test
B9: Performance/ practical
B10: Portfolio
B11: Professional discussion
B12: Project
B13: Simulation
B14: Online test
B15: Attendence only
B16: Multiple
B17: Other

Sheet Workings out
A1: Calculating the total percentage of knowledge/ skill covered in each section
B2: 9.0909091 | C2: 100 | D2: 25 | E2: 50 | F2: 4.76 | G2: 100 | H2: 5.56 | I2: 14.285714 | J2: 25 | K2: 8.3333 | L2: 20 | M2: 14.285714 | N2: 25 | O2: 33.333333 | P2: 33.333333
B3: K1 | C3: S1 | D3: K2 | E3: S2 | F3: K3 | G3: S3 | H3: K4 | I3: S4 | J3: K5 | K3: S5 | L3: K6 | M3: S6 | N3: K7 | O3: K8 | P3: S8
A4: Sections | B4: =IF('Mapping Template'!J5=1,B$2,0) -> 0 | C4: =IF('Mapping Template'!J17=1,C$2,0) -> 0 | D4: =IF('Mapping Template'!J19=1,D$2,0) -> 0 | E4: =IF('Mapping Template'!J24=1,E$2,0) -> 0 | F4: =IF('Mapping Template'!J27=1,F$2,0) -> 0 | G4: =IF('Mapping Template'!J49=1,G$2,0) -> 0 | H4: =IF('Mapping Template'!J51=1,H$2,0) -> 0 | I4: =IF('Mapping Template'!J70=1,I$2,0) -> 0 | J4: =IF('Mapping Template'!J78=1,J$2,0) -> 0 | K4: =IF('Mapping Template'!J83=1,K$2,0) -> 0 | L4: =IF('Mapping Template'!J96=1,L$2,0) -> 0 | M4: =IF('Mapping Template'!J102=1,M$2,0) -> 0 | N4: =IF('Mapping Template'!J110=1,N$2,0) -> 0 | O4: =IF('Mapping Template'!$J115=1,O$2,0) -> 0 | P4: =IF('Mapping Template'!$J119=1,P$2,0) -> 0
B5: =IF('Mapping Template'!J6=1,B$2,0) -> 0 | D5: =IF('Mapping Template'!J20=1,D$2,0) -> 0 | E5: =IF('Mapping Template'!J25=1,E$2,0) -> 0 | F5: =IF('Mapping Template'!J28=1,F$2,0) -> 0 | H5: =IF('Mapping Template'!J52=1,H$2,0) -> 0 | I5: =IF('Mapping Template'!J71=1,I$2,0) -> 0 | J5: =IF('Mapping Template'!J79=1,J$2,0) -> 0 | K5: =IF('Mapping Template'!J84=1,K$2,0) -> 0 | L5: =IF('Mapping Template'!J97=1,L$2,0) -> 0 | M5: =IF('Mapping Template'!J103=1,M$2,0) -> 0 | N5: =IF('Mapping Template'!J111=1,N$2,0) -> 0 | O5: =IF('Mapping Template'!$J116=1,O$2,0) -> 0 | P5: =IF('Mapping Template'!$J120=1,P$2,0) -> 0
B6: =IF('Mapping Template'!J7=1,B$2,0) -> 0 | D6: =IF('Mapping Template'!J21=1,D$2,0) -> 0 | F6: =IF('Mapping Template'!J29=1,F$2,0) -> 0 | H6: =IF('Mapping Template'!J53=1,H$2,0) -> 0 | I6: =IF('Mapping Template'!J72=1,I$2,0) -> 0 | J6: =IF('Mapping Template'!J80=1,J$2,0) -> 0 | K6: =IF('Mapping Template'!J85=1,K$2,0) -> 0 | L6: =IF('Mapping Template'!J98=1,L$2,0) -> 0 | M6: =IF('Mapping Template'!J104=1,M$2,0) -> 0 | N6: =IF('Mapping Template'!J112=1,N$2,0) -> 0 | O6: =IF('Mapping Template'!$J117=1,O$2,0) -> 0 | P6: =IF('Mapping Template'!$J121=1,P$2,0) -> 0
B7: =IF('Mapping Template'!J8=1,B$2,0) -> 0 | D7: =IF('Mapping Template'!J22=1,D$2,0) -> 0 | F7: =IF('Mapping Template'!J30=1,F$2,0) -> 0 | H7: =IF('Mapping Template'!J54=1,H$2,0) -> 0 | I7: =IF('Mapping Template'!J73=1,I$2,0) -> 0 | J7: =IF('Mapping Template'!J81=1,J$2,0) -> 0 | K7: =IF('Mapping Template'!J86=1,K$2,0) -> 0 | L7: =IF('Mapping Template'!J99=1,L$2,0) -> 0 | M7: =IF('Mapping Template'!J105=1,M$2,0) -> 0 | N7: =IF('Mapping Template'!J113=1,N$2,0) -> 0
B8: =IF('Mapping Template'!J9=1,B$2,0) -> 0 | F8: =IF('Mapping Template'!J31=1,F$2,0) -> 0 | H8: =IF('Mapping Template'!J55=1,H$2,0) -> 0 | I8: =IF('Mapping Template'!J74=1,I$2,0) -> 0 | K8: =IF('Mapping Template'!J87=1,K$2,0) -> 0 | L8: =IF('Mapping Template'!J100=1,L$2,0) -> 0 | M8: =IF('Mapping Template'!J106=1,M$2,0) -> 0
B9: =IF('Mapping Template'!J10=1,B$2,0) -> 0 | F9: =IF('Mapping Template'!J32=1,F$2,0) -> 0 | H9: =IF('Mapping Template'!J56=1,H$2,0) -> 0 | I9: =IF('Mapping Template'!J75=1,I$2,0) -> 0 | K9: =IF('Mapping Template'!J88=1,K$2,0) -> 0 | M9: =IF('Mapping Template'!J107=1,M$2,0) -> 0
B10: =IF('Mapping Template'!J11=1,B$2,0) -> 0 | F10: =IF('Mapping Template'!J33=1,F$2,0) -> 0 | H10: =IF('Mapping Template'!J57=1,H$2,0) -> 0 | I10: =IF('Mapping Template'!J76=1,I$2,0) -> 0 | K10: =IF('Mapping Template'!J89=1,K$2,0) -> 0 | M10: =IF('Mapping Template'!J108=1,M$2,0) -> 0
B11: =IF('Mapping Template'!J12=1,B$2,0) -> 0 | F11: =IF('Mapping Template'!J34=1,F$2,0) -> 0 | H11: =IF('Mapping Template'!J58=1,H$2,0) -> 0 | K11: =IF('Mapping Template'!J90=1,K$2,0) -> 0
B12: =IF('Mapping Template'!J13=1,B$2,0) -> 0 | F12: =IF('Mapping Template'!J35=1,F$2,0) -> 0 | H12: =IF('Mapping Template'!J59=1,H$2,0) -> 0 | K12: =IF('Mapping Template'!J91=1,K$2,0) -> 0
B13: =IF('Mapping Template'!J14=1,B$2,0) -> 0 | F13: =IF('Mapping Template'!J36=1,F$2,0) -> 0 | H13: =IF('Mapping Template'!J60=1,H$2,0) -> 0 | K13: =IF('Mapping Template'!J92=1,K$2,0) -> 0
B14: =IF('Mapping Template'!J15=1,B$2,0) -> 0 | F14: =IF('Mapping Template'!J37=1,F$2,0) -> 0 | H14: =IF('Mapping Template'!J61=1,H$2,0) -> 0 | K14: =IF('Mapping Template'!J93=1,K$2,0) -> 0
F15: =IF('Mapping Template'!J38=1,F$2,0) -> 0 | H15: =IF('Mapping Template'!J62=1,H$2,0) -> 0 | K15: =IF('Mapping Template'!J94=1,K$2,0) -> 0
F16: =IF('Mapping Template'!J39=1,F$2,0) -> 0 | H16: =IF('Mapping Template'!J63=1,H$2,0) -> 0
F17: =IF('Mapping Template'!J40=1,F$2,0) -> 0 | H17: =IF('Mapping Template'!J64=1,H$2,0) -> 0
F18: =IF('Mapping Template'!J41=1,F$2,0) -> 0 | H18: =IF('Mapping Template'!J65=1,H$2,0) -> 0
F19: =IF('Mapping Template'!J42=1,F$2,0) -> 0 | H19: =IF('Mapping Template'!J66=1,H$2,0) -> 0
F20: =IF('Mapping Template'!J43=1,F$2,0) -> 0 | H20: =IF('Mapping Template'!J67=1,H$2,0) -> 0
F21: =IF('Mapping Template'!J44=1,F$2,0) -> 0 | H21: =IF('Mapping Template'!J68=1,H$2,0) -> 0
F22: =IF('Mapping Template'!J45=1,F$2,0) -> 0
F23: =IF('Mapping Template'!J46=1,F$2,0) -> 0
F24: =IF('Mapping Template'!J47=1,F$2,0) -> 0
